 Dungeon Crawl Stone Soup version 0.20-a0-548-g4f8a798 (webtiles) character file.

304 Lahna the Twirler (level 6, -3/53 HPs)
             Began as a Minotaur Gladiator on Feb 1, 2017.
             Slain by an ogre
             ... wielding a +0 giant club
              (8 damage)
             ... on level 4 of the Dungeon.
             The game lasted 00:03:55 (1940 turns).

Lahna the Twirler (Minotaur Gladiator)              Turns: 1940, Time: 00:03:56

Health: -3/53      AC:  7    Str: 18    XL:     6   Next: 15%
Magic:  5/5        EV: 12    Int:  5    God:
Gold:   184        SH:  0    Dex: 14    Spells: 5/5 levels left

rFire    . . .     SeeInvis .   a - +0 quarterstaff
rCold    . . .     Gourm    .   n - +0 scale mail
rNeg     . . .     Faith    .   (shield currently unavailable)
rPois    +         Spirit   .   c - +0 hat
rElec    .         Reflect  .   (no cloak)
rCorr    .         Harm     .   v - +0 pair of gloves
MR       .....                  (no boots)
Stlth    ..........             (no amulet)
Regen    0.2/turn               (no ring)
                                o - ring of poison resistance

@: no status effects
A: retaliatory headbutt, horns 2
a: no special abilities


You were on level 4 of the Dungeon.
You were not hungry.

You visited 1 branch of the dungeon, and saw 4 of its levels.

You collected 184 gold pieces.

Inventory:

Hand Weapons
 a - a +0 quarterstaff (weapon)
Missiles
 d - 4 throwing nets (quivered)
Armour
 c - a +0 hat (worn)
 n - a +0 scale mail (worn)
 v - a +0 pair of gloves (worn)
Jewellery
 o - a ring of poison resistance (left hand)
Scrolls
 b - a scroll of blinking {unknown}
 e - a scroll of enchant weapon {unknown}
 j - a scroll of teleportation {unknown}
 l - 2 scrolls of remove curse {unknown}
 m - a scroll of immolation {unknown}
 r - a scroll of amnesia {unknown}
 s - a scroll of identify {unknown}
 x - a scroll of recharging {unknown}
Potions
 h - a potion of brilliance {unknown}
 k - 3 potions of might {unknown}
 p - 2 potions of curing {unknown}
 q - 2 potions of agility {unknown}
 t - 2 potions of berserk rage {unknown}
 u - a potion of lignification {unknown}
 w - a potion of invisibility {unknown}
 z - a potion of magic {unknown}
Comestibles
 f - 3 bread rations
 g - a royal jelly
 i - a meat ration
 A - a chunk of flesh


   Skills:
 + Level 4.5 Fighting
 + Level 5.3 Staves
 - Level 2.0 Throwing
 + Level 2.5 Armour
 + Level 5.0 Dodging


You had 5 spell levels left.
You didn't know any spells.

Dungeon Overview and Level Annotations

Branches:
Dungeon (4/15)
 Temple: D:4-7

Altars:


Innate Abilities, Weirdness & Mutations

You reflexively headbutt those who attack you in melee.
You have a pair of horns on your head.


Message History

The ogre hits you with a giant club!!
* * * LOW HITPOINT WARNING * * *
You hit the ogre.
You headbutt the ogre, but do no damage.
The ogre is severely wounded.
The ogre misses you.
You barely miss the ogre.
The ogre is severely wounded.
You hit the ogre.
The ogre is severely wounded.
The ogre hits you with a giant club!
* * * LOW HITPOINT WARNING * * *
You barely miss the ogre.
The ogre is severely wounded.
The ogre hits you with a giant club!
* * * LOW HITPOINT WARNING * * *
You hit the ogre but do no damage. Your headbutt misses the ogre.
The ogre is severely wounded.
The ogre hits you with a giant club!
You die...

▒▒▒
▒▒▒▒▒▒▒.▒
▒...O@..▒
▒.▒▒▒▒▒.▒
▒.▒ ▒.▒
▒.▒ ▒.▒
▒.▒ ▒▒▒
▒.▒ .>▒
▒▒▒.▒▒▒▒▒▒


You could see an ogre.

Vanquished Creatures
  A howler monkey (D:4)
  2 orc wizards (D:3)
  A bullfrog skeleton (D:4)
  An iguana (D:4)
  4 adders
  4 gnolls
  3 worms
  3 dart slugs
  3 orcs (D:3)
  2 ball pythons
  5 giant cockroaches
  6 goblins
  6 hobgoblins
  2 jackals (D:1)
  11 kobolds
  2 quokkas
  4 bats
  5 frilled lizards
  10 rats
75 creatures vanquished.

Notes
Turn   | Place    | Note
-------+----------+-------------------------------------------
     0 | D:1      | Lahna the Minotaur Gladiator began the quest for the Orb.
     0 | D:1      | Reached XP level 1. HP: 18/18 MP: 0/0
   177 | D:1      | Reached XP level 2. HP: 21/25 MP: 1/1
   571 | D:2      | Reached XP level 3. HP: 31/31 MP: 2/2
   948 | D:2      | Reached XP level 4. HP: 33/39 MP: 3/3
  1126 | D:3      | Reached skill level 1 in Armour
  1126 | D:3      | Reached XP level 5. HP: 39/46 MP: 4/4
  1165 | D:3      | Reached skill level 5 in Staves
  1761 | D:4      | Reached XP level 6. HP: 52/53 MP: 5/5
  1852 | D:4      | Reached skill level 5 in Dodging
  1940 | D:4      | Slain by an ogre

Vault maps used:
D:1:      dpeg_arrival_more_subterranean_lakeside_camping, minmay_octomino_j4
D:3:      first_bread
D:4:      nicolae_tso_besieged_by_evil

Skill      XL: |  1  2  3  4  5  6 |
---------------+-------------------+-----
Staves         | 4 5 |  5.3
Fighting       | 3 4 |  4.5
Dodging        | 4 5 |  5.0
Armour         | 1 2 |  2.5
Throwing       | |  2.0

Action                   |  1- 3 |  4- 6 || total
-------------------------+-------+-------++-------
Melee: Quarterstaff      |    61 |    99 ||   160
       Headbutt          |     6 |    21 ||    27
  Eat: Chunk             |       |     3 ||     3
Armor: Leather armour    |    12 |       ||    12
       Scale mail        |    11 |    42 ||    53
Dodge: Dodged            |    54 |    66 ||   120
